 Dungeon Crawl Stone Soup version 0.30.0-29-ga12c61a403 (webtiles) character file.

Game seed: 9488181770596052045

488 IndexError the Conjurer (level 6, -1/45 HPs)
             Began as a Draconian Conjurer on June 5, 2023.
             Was an Initiate of Sif Muna.
             Slain by a gnoll
             ... wielding a +0 flail
             ... led by a gnoll bouda
              (4 damage)
             ... on level 4 of the Dungeon.
             The game lasted 00:09:06 (6044 turns).

IndexError the Conjurer (Draconian Conjurer)        Turns: 6044, Time: 00:09:06

Health: -1/45      AC:  6    Str:  9    XL:     6   Next: 90%
Magic:  8/13       EV: 12    Int: 20    God:    Sif Muna [......]
Gold:   164        SH:  0    Dex: 10    Spells: 12/15 levels left

rFire   . . .        r - +1 dagger (flame)
rCold   . . .        (no shield)
rNeg    . . .        (body armour unavailable)
rPois   .            (helmet restricted)
rElec   .            (no cloak)
rCorr   .            (no gloves)
SInv    +            (no boots)
Will    .....        (no amulet)
Stlth   ++           j - +4 ring of slaying
HPRegen 0.27/turn    m - ring of see invisible {sInv, !d}
MPRegen 0.13/turn

%: no passive effects
@: no status effects
A: AC +6, unfitting armour, cold-blooded
a: Renounce Religion


You were on level 4 of the Dungeon.
You worshipped Sif Muna.
Sif Muna was noncommittal.
You visited 2 branches of the dungeon, and saw 6 of its levels.

You collected 164 gold pieces.

Inventory:

Hand Weapons
 b - a +0 spear
   (You found it on level 1 of the Dungeon)
 r - a +1 dagger of flaming (weapon)
   (You took it off a goblin on level 3 of the Dungeon)
Missiles
 t - 3 atropa-tipped darts
Jewellery
 j - a +4 ring of slaying (left hand)
   (You found it on level 1 of the Dungeon)
 m - a ring of see invisible (right hand) {sInv, !d}
   (You found it on level 2 of the Dungeon)
 q - a ring of fire {rF+, rC-}
   (You found it on level 3 of the Dungeon)
Scrolls
 c - 2 scrolls of vulnerability {unknown}
 g - 3 scrolls of teleportation {unknown}
 h - 2 scrolls of fear {unknown}
 i - 2 scrolls of magic mapping {unknown}
 k - a scroll of blinking {unknown}
 l - a scroll of fog {unknown}
 n - 4 scrolls of identify {unknown}
 p - 3 scrolls of enchant weapon {unknown}
Potions
 a - a potion of magic
 d - 3 potions of mutation {unknown}
 e - a potion of curing {unknown}
 f - 3 potions of lignification {unknown}
 o - 2 potions of haste {unknown}
 s - 2 potions of ambrosia {unknown}
 u - a potion of cancellation {unknown}
 v - a potion of heal wounds {unknown}


   Skills:
 - Level 1.7 Dodging
 - Level 1.7 Stealth
 + Level 5.0 Spellcasting
 + Level 6.5 Conjurations


You had 12 spell levels left.
You knew the following spells:

 Your Spells              Type           Power      Damage    Failure   Level
a - Magic Dart            Conj           100%       1d8       1%          1
b - Searing Ray           Conj           62%        2d6       1%          2

Your spell library contained the following spells:

 Spells                   Type           Power      Damage    Failure   Level
 Dazzling Flash           Conj/Hex       36%        N/A       9%          3
 Summon Small Mammal      Summ           20%        N/A       12%         1
 Fulminant Prism          Conj/Hex       9%         3d7       30%         4
 Iskenderun's Mystic Bla  Conj/Tloc      18%        2d6       30%         4
 Call Canine Familiar     Summ           5%         N/A       34%         3
 Summon Guardian Golem    Hex/Summ       5%         N/A       34%         3


Dungeon Overview and Level Annotations

Branches:
Dungeon (5/15)             Temple (1/1) D:5

Altars:
Ashenzari
Dithmenos
Elyvilon
Fedhas
Gozag
Hepliaklqana
Kikubaaqudgha
Makhleb
Nemelex Xobeh
Okawaru
Qazlal
Ru
Sif Muna
Trog
Uskayaw
Vehumet
Wu Jian
Xom
Yredelemnul
Zin
The Shining One

Shops:
D:2 (


Innate Abilities, Weirdness & Mutations

Your plain brown scales are hard. (AC +6)
You cannot fit into any form of body armour.
You are cold-blooded and may be slowed by cold attacks.


Message History

Confirm with . or Enter, or press ? or * to list all spells.
You can't see any susceptible monsters within range! (Use Z to cast anyway.) Unknown command.
The gnoll bouda gazes fiercely through you!
You feel your attacks grow feeble.
The gnoll shouts!
You hear a shout!
The gnoll bouda attacks as you move away!
The gnoll bouda closely misses you.
The gnoll bouda gazes fiercely through you!
You feel as though you will be weak longer.
The gnoll bouda attacks as you move away!
The gnoll bouda misses you.
The gnoll bouda barks out a call to the hunt!
The gnoll bouda gazes fiercely through you!
You feel as though you will be weak longer.
Your attacks no longer feel as feeble.
The gnoll bouda gazes fiercely through you!
You feel your attacks grow feeble.
The gnoll shouts!
The gnoll attacks as you move away! The gnoll misses you.
The gnoll attacks as you move away! The gnoll hits you with a +0 whip.
You take 1 damage, and have 44/45 hp.
Your attacks no longer feel as feeble.
The gnoll is no longer moving quickly.
The gnoll hits you with a +0 whip.
The gnoll bouda gazes fiercely through you!
You feel your attacks grow feeble.
You take 2 damage, and have 42/45 hp.
The gnoll attacks as you move away! The gnoll closely misses you.
The orc shouts!
The gnoll is no longer moving quickly.
Your attacks no longer feel as feeble.
The orc hits you with a +0 flail.
The gnoll bouda barks out a call to the hunt!
The gnolls pick up the pace!
You take 5 damage, and have 37/45 hp.
The gnoll hits you with a +0 whip.
You take 1 damage, and have 36/45 hp.
The gnoll attacks as you move away! The gnoll hits you but does no damage.
The orc attacks as you move away! The orc hits you with a +0 flail.
You take 1 damage, and have 35/45 hp.
The orc attacks as you move away! The orc hits you with a +0 flail.
You take 6 damage, and have 29/45 hp.
The orc attacks as you move away! The orc hits you with a +0 flail.
The gnoll attacks as you move away! The gnoll misses you.
The gnoll hits you with a +0 whip.
You take 7 damage, and have 22/45 hp.
The gnoll attacks as you move away! The gnoll completely misses you.
The orc attacks as you move away! The orc closely misses you.
The gnoll attacks as you move away! The gnoll hits you with a +0 whip.
The gnoll hits you but does no damage.
You take 2 damage, and have 21/45 hp.
There is a stone staircase leading up here.
The gnoll barely misses you. The orc misses you.
You climb upwards.
There is a stone staircase leading down here.
MP restored: 13 The gnoll hits you but does no damage.
The gnoll misses you. The gnoll hits you but does no damage.
The gnoll attacks as you move away! The gnoll hits you with a +0 whip.
The gnoll barely misses you.
You take 1 damage, and have 22/45 hp.
The gnoll attacks as you move away! The gnoll hits you with a +0 flail!
* * * LOW HITPOINT WARNING * * *
The gnoll attacks as you move away! The gnoll hits you with a +0 whip.
* * * LOW HITPOINT WARNING * * *
You take 14 damage, and have 8/45 hp.
MASSIVE DAMAGE!!
The gnoll attacks as you move away! The gnoll hits you with a +0 whip.
* * * LOW HITPOINT WARNING * * *
The gnoll is no longer moving quickly.
The gnoll hits you with a +0 flail.
* * * LOW HITPOINT WARNING * * *
You take 4 damage, and have 5/45 hp.
The gnoll is no longer moving quickly.
The gnoll attacks as you move away! The gnoll misses you.
The gnoll attacks as you move away! The gnoll hits you with a +0 whip.
* * * LOW HITPOINT WARNING * * *
You take 4 damage, and have 2/45 hp.
Casting: Magic Dart (safe; 1% risk of failure)
Confirm with . or Enter, or press ? or * to list all spells.
Aiming: Searing Ray (safe; 1% risk of failure)
Press: ? - help, Shift-Dir - straight line, f - orc
Aim: an orc, wielding a +0 flail (79% to hit)
The searing ray hits the gnoll!
The searing ray misses the gnoll.
The searing ray hits the orc. (Press . to maintain the ray.)
The gnoll hits you but does no damage.
You now have 11/13 mp.
The searing ray misses the gnoll.
The searing ray hits the gnoll.
The searing ray hits the orc.
Sif Muna accepts your kill. The gnoll closely misses you.
You now have 10/13 mp.
The searing ray hits the gnoll!
Sif Muna accepts your kill.
The searing ray misses the gnoll.
You now have 9/13 mp.
The searing ray hits the gnoll.
You finish channelling your searing ray.
The gnoll hits you with a +0 flail.
You die...

..........##..####....#####..###
...........######..#...........#
..............##..###......#...#
...........##....## #>.........#
.........######.## #..........#
.........# #)## #..........#
......##.## ##.# ##..........#
.....###..#### #g# #...........#
....## #.....###@###...##......#
...## #.####......#..###......#
....# #.# ###.###..## ##....##
.#### #.# #.# ##.# ##..## ## #.#
#####..## #### # ### #.......#
#########


You could see a gnoll.

Vanquished Creatures
  A black bear (D:4)
  A howler monkey (D:4)
  An iguana (D:5)
  Jessica (D:3)
  A sleepcap (D:5)
  Natasha (twice) (D:3)
  Robin (D:2)
  9 gnolls
  2 adders
  2 dart slugs
  A worm (D:2)
  7 orcs
  6 endoplasms
  5 giant cockroaches
  19 goblins
  5 hobgoblins
  9 jackals
  2 quokkas
  7 ball pythons
  4 bats
  4 frilled lizards (D:2)
  10 kobolds
  7 rats
107 creatures vanquished.

Notes
Turn   | Place    | Note
-------+----------+-------------------------------------------
     0 | D:1      | IndexError the Draconian Conjurer began the quest for the
                  | Orb.
     0 | D:1      | Reached XP level 1. HP: 14/14 MP: 3/3
   243 | D:1      | Reached XP level 2. HP: 20/20 MP: 0/5
   665 | D:1      | Learned a level 2 spell: Searing Ray
   758 | D:1      | Found a faded altar of an unknown god.
   844 | D:1      | Reached XP level 3. HP: 25/26 MP: 7/7
  1288 | D:2      | Reached skill level 3 in Spellcasting
  1405 | D:2      | Found Jacsafoe's Weapon Boutique.
  1900 | D:2      | Reached XP level 4. HP: 33/33 MP: 4/8
  2545 | D:3      | Reached skill level 5 in Conjurations
  2565 | D:3      | Noticed Robin
  2577 | D:2      | Killed Robin
  2847 | D:3      | Noticed Natasha
  2857 | D:3      | Killed Natasha
  2858 | D:3      | Reached XP level 5. HP: 14/38 MP: 5/10
  3099 | D:3      | Noticed Jessica
  3106 | D:3      | Killed Jessica
  3274 | D:3      | Noticed Natasha
  3279 | D:3      | Killed Natasha
  3280 | D:3      | Reached skill level 4 in Spellcasting
  3729 | D:4      | Noticed a black bear
  3737 | D:4      | Killed a black bear
  3738 | D:4      | Reached skill level 6 in Conjurations
  3738 | D:4      | Reached XP level 6. HP: 34/45 MP: 3/12
  4201 | D:4      | Found a bloodstained altar of Trog.
  4201 | D:4      | Found an opulent altar of Gozag.
  4904 | D:5      | Entered Level 5 of the Dungeon
  5139 | D:5      | Found a staircase to the Ecumenical Temple.
  5154 | Temple   | Entered the Ecumenical Temple
  5635 | Temple   | Became a worshipper of Sif Muna the Loreminder
  5901 | D:5      | Reached skill level 5 in Spellcasting
  6032 | D:4      | HP: 8/45 [gnoll/+0 whip[a gnoll bouda] (5)]
  6040 | D:4      | HP: 2/45 [gnoll/+0 whip[a gnoll bouda] (4)]
  6044 | D:4      | Slain by a gnoll

Illustrated notes

Levels and vault maps discovered:
D:1:      dpeg_arrival_prison, layout_loops_ring,
          dreamdust_ecumenical_altar_angels_and_demons, minmay_tromino_i2
D:2:      layout_loops_corners, serial_shops, shop, dk_vineyard_2
D:3:      minmay_evil_eye, layout_loops_ring, uniq_jessica, uniq_robin,
          uniq_natasha
D:4:      layout_layer_cave, gammafunk_temple_overflow_elements
D:5:      layout_cave_pools, minmay_temple_entry_mini_moons
Temple:   compressed_dpeg_triangle_lava_temple

Skill      XL: |  1  2  3  4  5  6 |
---------------+-------------------+-----
Spellcasting   | 3 4 5 |  5.0
Conjurations   | 5 6 |  6.5
Dodging        | |  1.7
Stealth        | |  1.7

Action                     |  1- 3 |  4- 6 || total
---------------------------+-------+-------++-------
  Melee: Spear             |   105 |    15 ||   120
         Unarmed           |     4 |       ||     4
         Tailslap          |    10 |     6 ||    16
         Dagger            |       |    45 ||    45
   Cast: Magic Dart        |    44 |    59 ||   103
         Searing Ray       |       |    13 ||    13
   Stab: Sleeping          |     7 |     1 ||     8
 Armour: Skin              |    38 |    26 ||    64
  Dodge: Dodged            |    52 |    64 ||   116

Levels and vault maps discovered:
D:1:      dpeg_arrival_prison, layout_loops_ring,
          dreamdust_ecumenical_altar_angels_and_demons, minmay_tromino_i2
D:2:      layout_loops_corners, serial_shops, shop, dk_vineyard_2
D:3:      minmay_evil_eye, layout_loops_ring, uniq_jessica, uniq_robin,
          uniq_natasha
D:4:      layout_layer_cave, gammafunk_temple_overflow_elements
D:5:      layout_cave_pools, minmay_temple_entry_mini_moons
Temple:   compressed_dpeg_triangle_lava_temple

Table legend: (Time is in decaauts)
 A = Elapsed time spent in this place.
 B = Non-inter-level travel time spent in this place.
 C = Inter-level travel time spent in this place.
 D = Time resting spent in this place.
 E = Time spent auto-exploring this place.
 F = Levels seen in this place.
 G = Mean time per level.
                   A        B        C        D        E       F      G
               +--------+--------+--------+--------+--------+-----+--------+
         Total |   6061 |   5621 |    440 |      0 |   4920 |   6 | 1010.2 |
       Dungeon |   5561 |   5148 |    413 |      0 |   4462 |   5 | 1112.2 |
        Temple |    500 |    473 |     27 |      0 |    458 |   1 |  500.0 |
               +--------+--------+--------+--------+--------+-----+--------+

Top non-repeatable levels by time:
     D:4: 1457 daAuts
     D:1: 1288 daAuts
     D:3: 1253 daAuts
     D:2: 1139 daAuts
  Temple: 500 daAuts
     D:5: 422 daAuts

Table legend:
 A = Kills in this place as a percentage of kills in the entire game.
 B = Kills by you in this place as a percentage of kills by you in the entire game.
 C = Kills by friends in this place as a percentage of kills by friends in the entire game.
 D = Other kills in this place as a percentage of other kills in the entire game.
 E = Experience gained in this place as a percentage of experience gained in the entire game.
 F = Experience gained in this place divided by the number of levels of this place that you have seen.
                   A       B       C       D       E      F
               +-------+-------+-------+-------+-------+----------------------
         Total | 100.0 | 100.0 |   N/A |   N/A | 100.0 | 116.3
       Dungeon | 100.0 | 100.0 |   N/A |   N/A | 100.0 | 139.6
               +-------+-------+-------+-------+-------+----------------------
